 Dungeon Crawl Stone Soup version 0.30-a0-170-g85af917532 (webtiles) character file.

Game seed: 1973737306813587234

721 qw the Chopper (level 7, -11/43 HPs)
             Began as a Gargoyle Fighter on Oct 1, 2022.
             Mangled by Prince Ribbit (16 damage)
             ... on level 5 of the Dungeon.
             The game lasted 00:01:25 (4969 turns).

qw the Chopper (Gargoyle Fighter)                   Turns: 4969, Time: 00:01:25

Health: -11/43     AC:  9    Str: 21    XL:     7   Next: 70%
Magic:  7/7        EV:  7    Int:  9    God:
Gold:   221        SH:  4    Dex:  9    Spells: 6/6 levels left

rFire   . . .      SeeInvis .    Y - +0 war axe
rCold   . . .      Faith    .    c - +0 buckler
rNeg    + . .      Spirit   .    p - +0 chain mail
rPois   inf        Reflect  .    (no helmet)
rElec   +          Harm     .    (no cloak)
rCorr   .          Rampage  .    (no gloves)
Will    +....                    (no boots)
Stlth   ..........               (no amulet)
HPRegen 0.14/turn                (no ring)
MPRegen 0.10/turn                (no ring)

@: corroded
A: sickness immunity, AC +4, negative energy resistance 1, electricity
resistance, torment resistance 1, petrification resistance, strong-willed 1
a: no special abilities


You were on level 5 of the Dungeon.
You visited 1 branch of the dungeon, and saw 5 of its levels.

You collected 221 gold pieces.


Innate Abilities, Weirdness & Mutations

You are immune to sickness and miasma.
Your stone body is resilient. (AC +4)
You are immune to poison.
You resist negative energy. (rN+)
You are resistant to electric shocks. (rElec)
You are resistant to unholy torment.
You are immune to petrification.
You are strong-willed. (Will+)


   Skills:
 - Level 4.1 Fighting
 + Level 6.7 Axes
 - Level 1.0 Throwing
 - Level 3.2 Armour
 - Level 2.3 Dodging
 - Level 3.2 Shields


You had 6 spell levels left.
You didn't know any spells.
Your spell library was empty.

Inventory:

Hand Weapons
 i - a +0 flail
 Y - a +0 war axe (weapon)
Armour
 c - a +0 buckler (worn)
 p - a +0 chain mail (worn)
Scrolls
 a - a scroll of identify
Potions
 d - a potion of might
 f - a potion of curing {unknown}
 h - a potion of invisibility {unknown}
 j - a potion of cancellation {unknown}
 n - a potion of mutation

Dungeon Overview and Level Annotations

Branches:
Dungeon (5/15)
 Temple: D:4-7

Altars:
Ashenzari
Gozag
Qazlal
Vehumet

Shops:
D:4 (

Annotations:
D:5 Blork the orc, Pikel, Prince Ribbit


Message History

4962 ||| READING scroll of teleportation.
As you read the scroll of teleportation, it crumbles to dust.
You feel strangely unstable. The gnoll hits you but does no damage.
4963 ||| DRINKING potion of heal wounds.
You feel much better.
The gnoll hits you from afar with a +0 halberd!
Your surroundings suddenly seem different.
A lemure, Prince Ribbit and a jelly come into view.
Found a scroll of teleportation.
Found a stone staircase leading up.
The lemure shouts!
Prince Ribbit croaks.
The jelly quivers.
You hear a howl!
Pikel, Merchant of Souls comes into view.
He is wielding a +1 whip of flaming.
A lemure comes into view.
Enter note:
Enter note:
4965 ||| FLEEEEING.
Blork the orc comes into view.
He is wielding a +2 trident of flaming.
Blork the orc shouts!
The jelly closely misses you.
A lemure comes into view.
You barely miss Prince Ribbit. You barely miss the jelly.
The lemure shouts!
Prince Ribbit hits you!
Blork the orc looks braver for a moment.
The jelly hits you but does no damage.
Prince Ribbit hits you but does no damage.
You slash Prince Ribbit!
Prince Ribbit is moderately wounded.
You hit the jelly. The acid corrodes you!
Your hands burn!
Prince Ribbit closely misses you. The jelly hits you but does no damage.
Prince Ribbit hits you!
You barely miss Prince Ribbit.
Prince Ribbit is moderately wounded.
Pikel shouts!
You slash the jelly!
Your hands burn!
A howler monkey comes into view.
The jelly hits you but does no damage. Prince Ribbit hits you!
You die...

¤.¤¤.¤.......5
................
...#.........Kh.
............... .
#........5....
..#.............
................
........5.......
......F@........
...<.........?.J.........
.........................
................o........
..........#..........<...
.........................
.................#.######
.........##.........
....<...#


You could see Prince Ribbit, Pikel, Blork the orc, 2 lemures, a howler monkey
(wandering) and a jelly.

Vanquished Creatures
  Menkaure (D:4)
  2 bullfrogs
  A necrophage (D:4)
  2 jellies (D:4)
  3 orc wizards
  13 gnolls
  6 adders
  A worm (D:3)
  4 dart slugs
  12 orcs
  7 bats
  9 endoplasms
  2 giant cockroaches
  7 goblins
  3 hobgoblins
  4 jackals
  8 kobolds
  5 ball pythons
  4 frilled lizards
  2 rats
96 creatures vanquished.

Notes
Turn   | Place    | Note
-------+----------+-------------------------------------------
     0 | D:1      | qw the Gargoyle Fighter began the quest for the Orb.
     0 | D:1      | Reached XP level 1. HP: 14/14 MP: 1/1
     0 | D:1      | 0 ||| qw: Version: 0.2-a-13-gfc7b4b4
     0 | D:1      | 0 ||| qw: Game counter: 1724
     0 | D:1      | 0 ||| qw: Always use a shield: true
     0 | D:1      | 0 ||| qw: God list: Okawaru
     0 | D:1      | 0 ||| qw: Allow faded altars: false
     0 | D:1      | 0 ||| qw: Do Orc after D:15 true
     0 | D:1      | 0 ||| qw: Do second Lair branch before Depths: true
     0 | D:1      | 0 ||| qw: Lair rune preference: random
     0 | D:1      | 0 ||| qw: Plans: Normal, Zot:1-4, God:TSO, Crypt, Tomb,
                  | Pan, Slime:5, Hells, Abyss, Orb
     0 | D:1      | 0 ||| PLANNING D:1-11
    39 | D:1      | Reached skill level 2 in Axes
   169 | D:1      | Found a faded altar of an unknown god.
   244 | D:1      | Reached XP level 2. HP: 19/19 MP: 2/2
   935 | D:1      | Reached skill level 3 in Axes
   986 | D:1      | 986 ||| DROPPING +6 ring of intelligence.
   987 | D:1      | 987 ||| READING scroll labelled URUICUPTOUGONI.
  1012 | D:2      | 1012 ||| STAIRDANCE
  1018 | D:1      | Reached skill level 1 in Throwing
  1018 | D:1      | Reached XP level 3. HP: 11/23 MP: 3/3
  1266 | D:2      | 1266 ||| Stepping ~*~*~tactically~*~*~ (hiding).
  1325 | D:2      | 1325 ||| Stepping ~*~*~tactically~*~*~ (stealth).
  1405 | D:2      | 1405 ||| Stepping ~*~*~tactically~*~*~ (stealth).
  1453 | D:2      | 1453 ||| Stepping ~*~*~tactically~*~*~ (stealth).
  1455 | D:2      | 1455 ||| Stepping ~*~*~tactically~*~*~ (stealth).
  1456 | D:2      | 1456 ||| Stepping ~*~*~tactically~*~*~ (stealth).
  1517 | D:2      | 1517 ||| DROPPING +0 mace.
  1603 | D:2      | Reached XP level 4. HP: 27/28 MP: 4/4
  1729 | D:2      | 1729 ||| Stepping ~*~*~tactically~*~*~ (stealth).
  1730 | D:2      | 1730 ||| Stepping ~*~*~tactically~*~*~ (stealth).
  1867 | D:2      | 1867 ||| UPGRADING to +0 chain mail.
  1877 | D:2      | 1877 ||| DROPPING +0 scale mail.
  1878 | D:2      | 1878 ||| DROPPING ring of magical power.
  1879 | D:2      | 1879 ||| READING 3 scrolls labelled UNUEKLE OWNA.
  1880 | D:2      | 1880 ||| READING 2 scrolls labelled IKKECA VOORPHITY.
  1885 | D:2      | 1885 ||| READING scroll labelled HOSUCY JOTYXYR.
  1886 | D:2      | 1886 ||| READING scroll labelled ATISIN DIOXKAE.
  1887 | D:2      | 1887 ||| READING scroll labelled ATATUDGH UFOSHREI.
  1888 | D:2      | 1888 ||| DRINKING 2 cyan potions.
  1889 | D:2      | 1889 ||| DROPPING 2 scrolls of fear.
  1890 | D:2      | 1890 ||| DROPPING potion of brilliance.
  2082 | D:3      | 2082 ||| Stepping ~*~*~tactically~*~*~ (hiding).
  2280 | D:3      | 2280 ||| Stepping ~*~*~tactically~*~*~ (stealth).
  2281 | D:3      | 2281 ||| Stepping ~*~*~tactically~*~*~ (stealth).
  2282 | D:3      | 2282 ||| Stepping ~*~*~tactically~*~*~ (stealth).
  2283 | D:3      | 2283 ||| Stepping ~*~*~tactically~*~*~ (stealth).
  2284 | D:3      | 2284 ||| Stepping ~*~*~tactically~*~*~ (stealth).
  2286 | D:3      | Reached skill level 4 in Axes
  2390 | D:3      | 2390 ||| Stepping ~*~*~tactically~*~*~ (stealth).
  2403 | D:3      | Reached XP level 5. HP: 22/32 MP: 5/5
  2510 | D:3      | 2510 ||| Stepping ~*~*~tactically~*~*~ (stealth).
  2561 | D:3      | Found an opulent altar of Gozag.
  2820 | D:3      | 2820 ||| DRINKING 2 bubbling inky potions.
  2820 | D:3      | Gained mutation: You are strong-willed. (Will+) [potion of
                  | mutation]
  2886 | D:4      | Reached skill level 5 in Axes
  2886 | D:4      | Reached XP level 6. HP: 20/37 MP: 6/6
  2935 | D:4      | 2935 ||| FLEEEEING.
  2936 | D:4      | 2936 ||| FLEEEEING.
  2937 | D:4      | 2937 ||| STAIRDANCE
  3041 | D:4      | 3041 ||| Stepping ~*~*~tactically~*~*~ (stealth).
  3043 | D:4      | 3043 ||| FLEEEEING.
  3052 | D:4      | 3052 ||| STAIRDANCE
  3100 | D:4      | 3100 ||| Stepping ~*~*~tactically~*~*~ (hiding).
  3103 | D:4      | 3103 ||| Stepping ~*~*~tactically~*~*~ (hiding).
  3104 | D:4      | 3104 ||| Stepping ~*~*~tactically~*~*~ (hiding).
  3358 | D:4      | HP: 8/38 [gnoll/+0 spear (6)]
  3359 | D:4      | Reached skill level 6 in Axes
  3359 | D:4      | 3359 ||| READING scroll of teleportation.
  3666 | D:4      | Found Jadaz's Antique Weapon Shop.
  3812 | D:4      | 3812 ||| Stepping ~*~*~tactically~*~*~ (stealth).
  3814 | D:4      | 3814 ||| Stepping ~*~*~tactically~*~*~ (hiding).
  3824 | D:4      | Reached XP level 7. HP: 36/43 MP: 7/7
  3868 | D:4      | 3868 ||| Stepping ~*~*~tactically~*~*~ (stealth).
  3888 | D:4      | Found a broken altar of Ashenzari.
  4039 | D:4      | Noticed Menkaure
  4046 | D:4      | Killed Menkaure
  4898 | D:4      | Found a radiant altar of Vehumet.
  4903 | D:4      | Found a stormy altar of Qazlal.
  4906 | D:4      | 4906 ||| READING 3 scrolls of identify.
  4906 | D:4      | 4906 ||| IDENTIFYING black potion
  4907 | D:4      | 4907 ||| READING 2 scrolls of identify.
  4907 | D:4      | 4907 ||| IDENTIFYING smoky red potion
  4908 | D:4      | 4908 ||| DROPPING potion of flight.
  4946 | D:5      | Entered Level 5 of the Dungeon
  4961 | D:5      | HP: 8/43 [gnoll/+0 halberd (7)]
  4962 | D:5      | 4962 ||| READING scroll of teleportation.
  4963 | D:5      | 4963 ||| DRINKING potion of heal wounds.
  4964 | D:5      | Noticed Prince Ribbit
  4964 | D:5      | Noticed Pikel
  4965 | D:5      | 4965 ||| FLEEEEING.
  4965 | D:5      | Noticed Blork the orc
  4968 | D:5      | HP: 6/43 [Prince Ribbit (10)]
  4969 | D:5      | Mangled by Prince Ribbit

Levels and vault maps discovered:
D:1:      elethiomel_arrival_shortcut, layout_basic,
          ebering_ecumenical_altar_rust
D:2:      layout_rooms
D:3:      layout_rooms, grunt_gozag_statues, minivault_25,
          kennysheep_cluttered_room
D:4:      layout_layer_cave, amethyst_overflow_temple_binary, marbit_many_paths,
          serial_shops, nicolae_shop_waterfront, uniq_menkaure
D:5:      layout_rooms, zin_scriptorium,
          chequers_temple_overflow_statue_of_worship,
          mainiacjoe_overflow_brackets, uniq_pikel, uniq_prince_ribbit1,
          uniq_blork_the_orc

Skill      XL: |  1  2  3  4  5  6  7 |
---------------+----------------------+-----
Axes           | 2 3 4 5 6 |  6.7
Throwing       | 1 |  1.0
Fighting       | 4 |  4.1
Dodging        | 2 |  2.3
Armour         | |  3.2
Shields        | |  3.2

Action                   |  1- 3 |  4- 6 |  7- 9 || total
-------------------------+-------+-------+-------++-------
Melee: War axe           |    74 |   123 |    48 ||   245
Throw: Javelin           |    17 |    15 |       ||    32
       Boomerang         |       |    27 |    12 ||    39
  Use: Scroll            |     1 |     6 |     3 ||    10
       Potion            |       |     2 |     1 ||     3
Armor: Scale mail        |    41 |     2 |       ||    43
       Chain mail        |       |    77 |    40 ||   117
Dodge: Dodged            |    38 |    44 |    23 ||   105
Block: Buckler           |    10 |    27 |    12 ||    49

Table legend:
 A = Non-vault XP
 B = Vault XP
 C = Vault XP percentage of total XP
 D = Non-vault monster count
 E = Vault monster count
 F = Vault count percentage of total count
                 A         B        C        D         E       F
            +---------+---------+-------+---------+---------+-------
      Total |     857 |     173 |  16.8 |      94 |       2 |   2.1
            +---------+---------+-------+---------+---------+-------
        D:1 |      46 |       0 |   0.0 |      20 |       0 |   0.0
        D:2 |      53 |       0 |   0.0 |      16 |       0 |   0.0
        D:3 |      94 |       0 |   0.0 |      24 |       0 |   0.0
        D:4 |     532 |     173 |  24.5 |      30 |       2 |   6.2
        D:5 |     132 |       0 |   0.0 |       4 |       0 |   0.0
            +---------+---------+-------+---------+---------+-------
